TOP OF THE 1ST |
North Carolina Tar Heels batting - Pitching for Texas Christian Horned Frogs : LHP Ralph Johnson
|
Pitching: LHP Ralph Johnson
|
|
Batting: RHB Miguel Mendoza
|
0-0: Reached on error, E5 (Groundball, 5)
|
Batting: SHB Richard Griffin
|
0-0: Ball 1-0: Foul Ball, location: 2F 1-1: Foul Ball, location: 2F 1-2: Strikes out swinging
|
Batting: LHB Vaughn Carter
|
0-0: Called Strike 0-1: Ball Throwing error on steal attempt, E2 Miguel Mendoza scores 1-1: Called Strike 1-2: Foul Ball, location: 2F 1-2: Strikes out swinging
|
Batting: RHB Mike Shelton
|
0-0: Ball 1-0: Ground out 6-3 (Groundball, 6)
|
Top of the 1st over - 1 run(s), 0 hit(s), 2 error(s), 0 left on base; North Carolina 1 - Texas Christian 0 |
BOTTOM OF THE 1ST |
Texas Christian Horned Frogs batting - Pitching for North Carolina Tar Heels : RHP Andrew Moss
|
Pitching: RHP Andrew Moss
|
|
Batting: LHB José Garza
|
0-0: Ground out U3 (Groundball, 3)
|
Batting: RHB Anthony Walsh
|
0-0: Ball 1-0: Foul Ball, location: 2F 1-1: Foul Ball, location: 2F 1-2: Ball 2-2: Ball 3-2: Ground out 4-3 (Groundball, 4S)
|
Batting: LHB Miguel Martínez
|
0-0: Ground out 6-3 (Groundball, 6)
|
Bottom of the 1st over - 0 run(s), 0 hit(s), 0 error(s), 0 left on base; North Carolina 1 - Texas Christian 0 |
TOP OF THE 2ND |
North Carolina Tar Heels batting - Pitching for Texas Christian Horned Frogs : LHP Ralph Johnson
|
Batting: LHB José Morales
|
0-0: Swinging Strike 0-1: SINGLE (Groundball, 4MD)
|
Batting: LHB Matt McCray
|
0-0: Ball 1-0: Swinging Strike 1-1: Foul Ball, location: 2F 1-2: Foul Ball, location: 2F 1-2: Fly out, F8 (Flyball, 78D)
|
Batting: RHB Derek Scott
|
0-0: Ball 1-0: Fielders Choice at 2nd, 6-4 (Groundball, 6)
|
Batting: RHB Frederick Curtis
|
0-0: Called Strike 0-1: Ball 1-1: Ball 2-1: Fielders Choice at 2nd, U6 (Groundball, 6M)
|
Top of the 2nd over - 0 run(s), 1 hit(s), 0 error(s), 1 left on base; North Carolina 1 - Texas Christian 0 |
BOTTOM OF THE 2ND |
Texas Christian Horned Frogs batting - Pitching for North Carolina Tar Heels : RHP Andrew Moss
|
Batting: SHB Matt Pierce
|
0-0: Called Strike 0-1: Ball 1-1: Ball Error on foul ball, E7 2-2: Foul Ball, location: 2F 2-2: Foul Ball, location: 2F 2-2: SOLO HOME RUN (Flyball, 89XD), Distance : 424 ft
|
Batting: LHB Brenton Carter
|
0-0: Ball 1-0: Ball 2-0: Ball 3-0: Base on Balls
|
Batting: LHB Garrett Cabrera
|
0-0: Ball 1-0: Ball 2-0: Swinging Strike Single, Error in OF, E7, batter to second base Brenton Carter to third
|
Batting: LHB Brandon Bingham
|
0-0: Ball 1-0: Foul Ball, location: 2F 1-1: Swinging Strike 1-2: Strikes out swinging
|
Batting: RHB Jorge Romero
|
0-0: Ball 1-0: DOUBLE (Line Drive, 7LS) Brenton Carter scores Garrett Cabrera scores
|
Batting: LHB Dave Green
|
0-0: Ball 1-0: Ball 2-0: Foul Ball, location: 2F 2-1: Foul Ball, location: 2F 2-2: Ground out 6-3 (Groundball, 6)
|
Batting: LHB José Garza
|
0-0: Foul Ball, location: 2F 0-1: Ball 1-1: Foul Ball, location: 2F 1-2: Strikes out swinging
|
Bottom of the 2nd over - 3 run(s), 3 hit(s), 2 error(s), 1 left on base; North Carolina 1 - Texas Christian 3 |
TOP OF THE 3RD |
North Carolina Tar Heels batting - Pitching for Texas Christian Horned Frogs : LHP Ralph Johnson
|
Batting: RHB Preston Wooten
|
0-0: Called Strike 0-1: Ball 1-1: Ball 2-1: SINGLE (Line Drive, 56D)
|
Batting: RHB Miguel Mendoza
|
0-0: Ball 1-0: Ball 2-0: Called Strike 2-1: Fly out, F7 (Flyball, 78M)
|
Batting: SHB Richard Griffin
|
0-0: Called Strike 0-1: Ball 1-1: Ball 2-1: Ball 3-1: 2-RUN HOME RUN (Flyball, 7D), Distance : 392 ft
|
Batting: LHB Vaughn Carter
|
0-0: Ball 1-0: Fly out, F8 (Popup, 8RS)
|
Batting: RHB Mike Shelton
|
0-0: SINGLE (Groundball, 15S) (infield hit)
|
Batting: LHB José Morales
|
0-0: Called Strike Mike Shelton steals 2nd base 0-1: Foul Ball, location: 2F 0-2: Foul Ball, location: 2F 0-2: Ball 1-2: Strikes out swinging
|
Top of the 3rd over - 2 run(s), 3 hit(s), 0 error(s), 1 left on base; North Carolina 3 - Texas Christian 3 |
BOTTOM OF THE 3RD |
Texas Christian Horned Frogs batting - Pitching for North Carolina Tar Heels : RHP Andrew Moss
|
Batting: RHB Anthony Walsh
|
0-0: Ground out 5-3 (Groundball, 56)
|
Batting: LHB Miguel Martínez
|
0-0: Called Strike 0-1: Foul Ball, location: 2F 0-2: SINGLE (Line Drive, 78S)
|
Batting: SHB Matt Pierce
|
0-0: Called Strike 0-1: Ball Miguel Martínez steals 2nd base 1-1: Ground out 3-1 (Groundball, 34) Miguel Martínez to third
|
Batting: LHB Brenton Carter
|
0-0: 2-RUN HOME RUN (Flyball, 9D), Distance : 366 ft
|
Batting: LHB Garrett Cabrera
|
0-0: Ball 1-0: Ball 2-0: Swinging Strike 2-1: Ball 3-1: Base on Balls
|
Batting: LHB Brandon Bingham
|
0-0: Called Strike 0-1: Swinging Strike 0-2: Ball 1-2: Ball 2-2: Strikes out swinging
|
Bottom of the 3rd over - 2 run(s), 2 hit(s), 0 error(s), 1 left on base; North Carolina 3 - Texas Christian 5 |
TOP OF THE 4TH |
North Carolina Tar Heels batting - Pitching for Texas Christian Horned Frogs : LHP Ralph Johnson
|
Batting: LHB Matt McCray
|
0-0: Ball 1-0: Foul Ball, location: 2F 1-1: Ball 2-1: Ball 3-1: Base on Balls
|
Batting: RHB Derek Scott
|
0-0: Ball 1-0: Foul Ball, location: 2F 1-1: Ball 2-1: Ball 3-1: Foul Ball, location: 2F 3-2: Base on Balls Matt McCray to second
|
Batting: RHB Frederick Curtis
|
0-0: Ball 1-0: Reached on error, E5 (Groundball, 56) Matt McCray to third Derek Scott to second
|
Batting: RHB Preston Wooten
|
0-0: Ball 1-0: Ball 2-0: Ball 3-0: Called Strike 3-1: Base on Balls Matt McCray scores Derek Scott to third Frederick Curtis to second
|
Batting: RHB Miguel Mendoza
|
0-0: Fly out, F7 (Flyball, 7M) Runner from 3rd tags up, SCORES, no throw
|
Batting: SHB Richard Griffin
|
0-0: Ball 1-0: Called Strike Frederick Curtis steals 3rd base Preston Wooten to second 1-1: Ground out 6-3 (Groundball, 6S) Frederick Curtis scores Preston Wooten to third
|
Batting: LHB Vaughn Carter
|
0-0: Called Strike 0-1: Ball 1-1: Ball 2-1: SINGLE (Groundball, 3L) Preston Wooten scores
|
Batting: RHB Mike Shelton
|
0-0: Ball 1-0: Called Strike 1-1: Ball 2-1: SINGLE (Groundball, 56D) Vaughn Carter to second
|
Batting: LHB José Morales
|
0-0: Called Strike 0-1: Ball 1-1: SINGLE (Flyball, 5D) Vaughn Carter to third Mike Shelton to second Runner from 3rd tries for Home, SAFE, no throw or cutoff
|
Pitching: RHP Carlos Hernández
|
|
Batting: LHB Matt McCray
|
0-0: Ball 1-0: Ball 2-0: Called Strike 2-1: Ball 3-1: Foul Ball, location: 2F 3-2: Base on Balls Mike Shelton to third José Morales to second
|
Batting: RHB Derek Scott
|
0-0: Ball 1-0: Swinging Strike 1-1: Foul Ball, location: 2F 1-2: Ball 2-2: Foul Ball, location: 2F 2-2: Strikes out swinging
|
Top of the 4th over - 5 run(s), 3 hit(s), 1 error(s), 3 left on base; North Carolina 8 - Texas Christian 5 |
BOTTOM OF THE 4TH |
Texas Christian Horned Frogs batting - Pitching for North Carolina Tar Heels : RHP Andrew Moss
|
Batting: RHB Jorge Romero
|
0-0: Called Strike 0-1: Ground out 5-3 (Groundball, 5)
|
Batting: LHB Dave Green
|
0-0: Foul Ball, location: 2F 0-1: SINGLE (Groundball, 15) (infield hit)
|
Batting: LHB José Garza
|
0-0: Foul Ball, location: 2F 0-1: Fly out, F7 (Flyball, 78M)
|
Batting: RHB Anthony Walsh
|
0-0: Ball 1-0: Called Strike 1-1: SINGLE (Groundball, 34D) Dave Green to second Runner from 2nd tries for 3rd, SAFE, throw made to third
|
Batting: LHB Miguel Martínez
|
0-0: Swinging Strike 0-1: Fly out, F8 (Flyball, 8RM)
|
Bottom of the 4th over - 0 run(s), 2 hit(s), 0 error(s), 2 left on base; North Carolina 8 - Texas Christian 5 |
TOP OF THE 5TH |
North Carolina Tar Heels batting - Pitching for Texas Christian Horned Frogs : RHP Carlos Hernández
|
Batting: RHB Frederick Curtis
|
0-0: Called Strike 0-1: Ball 1-1: Ball 2-1: Ground out 5-3 (Groundball, 56S)
|
Batting: RHB Preston Wooten
|
0-0: Called Strike 0-1: Ball 1-1: Ground out 5-3 (Groundball, 56)
|
Batting: RHB Miguel Mendoza
|
0-0: Ball 1-0: Ball 2-0: Fly out, F8 (Flyball, 89M)
|
Top of the 5th over - 0 run(s), 0 hit(s), 0 error(s), 0 left on base; North Carolina 8 - Texas Christian 5 |
BOTTOM OF THE 5TH |
Texas Christian Horned Frogs batting - Pitching for North Carolina Tar Heels : RHP Andrew Moss
|
Batting: SHB Matt Pierce
|
0-0: Foul Ball, location: 2F 0-1: Swinging Strike 0-2: Ball 1-2: Ground out 4-3 (Groundball, 34)
|
Batting: LHB Brenton Carter
|
0-0: Ball 1-0: Foul Ball, location: 2F 1-1: Ball 2-1: Fly out, F7 (Flyball, 78D)
|
Batting: LHB Garrett Cabrera
|
0-0: Foul Ball, location: 2F 0-1: Ball 1-1: Ball 2-1: Foul Ball, location: 2F 2-2: Ground out 4-3 (Groundball, 4)
|
Bottom of the 5th over - 0 run(s), 0 hit(s), 0 error(s), 0 left on base; North Carolina 8 - Texas Christian 5 |
TOP OF THE 6TH |
North Carolina Tar Heels batting - Pitching for Texas Christian Horned Frogs : RHP Carlos Hernández
|
Batting: SHB Richard Griffin
|
0-0: Ball 1-0: Ball 2-0: Called Strike 2-1: Ball 3-1: Foul Ball, location: 2F 3-2: Foul Ball, location: 2F 3-2: Foul Ball, location: 2F 3-2: Fly out, F8 (Flyball, 8LD)
|
Batting: LHB Vaughn Carter
|
0-0: Ball 1-0: Fly out, F9 (Flyball, 9M)
|
Batting: RHB Mike Shelton
|
0-0: Called Strike 0-1: Ground out 5-3 (Groundball, 56)
|
Top of the 6th over - 0 run(s), 0 hit(s), 0 error(s), 0 left on base; North Carolina 8 - Texas Christian 5 |
BOTTOM OF THE 6TH |
Texas Christian Horned Frogs batting - Pitching for North Carolina Tar Heels : RHP Andrew Moss
|
Pitching: RHP Bob Howard
|
|
Batting: LHB Brandon Bingham
|
0-0: Ball 1-0: Foul Ball, location: 2F 1-1: Swinging Strike 1-2: Ball 2-2: Foul Ball, location: 2F 2-2: Strikes out swinging
|
Batting: RHB Jorge Romero
|
0-0: Bunt missed! 0-1: Ball 1-1: Fly out, F9 (Flyball, 89M)
|
Batting: LHB Dave Green
|
0-0: Ball 1-0: Ball 2-0: Fly out, F4 (Popup, 4MS)
|
Bottom of the 6th over - 0 run(s), 0 hit(s), 0 error(s), 0 left on base; North Carolina 8 - Texas Christian 5 |
TOP OF THE 7TH |
North Carolina Tar Heels batting - Pitching for Texas Christian Horned Frogs : RHP Carlos Hernández
|
Pitching: LHP Jason Reece
|
|
Batting: LHB José Morales
|
0-0: Called Strike 0-1: Ball 1-1: Swinging Strike 1-2: Foul Ball, location: 2F 1-2: Foul Ball, location: 2F 1-2: Ball 2-2: Ball 3-2: SINGLE (Line Drive, 89S)
|
Batting: LHB Matt McCray
|
0-0: Called Strike 0-1: Foul Ball, location: 2F 0-2: Strikes out looking
|
Batting: RHB Derek Scott
|
0-0: Ball 1-0: Foul Ball, location: 2F 1-1: Called Strike 1-2: Foul Ball, location: 2F 1-2: Foul Ball, location: 2F 1-2: Ball 2-2: Ball 3-2: Base on Balls José Morales to second
|
Batting: RHB Frederick Curtis
|
0-0: Ball 1-0: Called Strike 1-1: Ball 2-1: Swinging Strike 2-2: Ball 3-2: Base on Balls José Morales to third Derek Scott to second
|
Pinch Hitting: LHB Ronald Gordon
|
0-0: Ball 1-0: Ball 2-0: Ball 3-0: Called Strike 3-1: Called Strike 3-2: Base on Balls José Morales scores Derek Scott to third Frederick Curtis to second
|
Batting: RHB Miguel Mendoza
|
0-0: Called Strike 0-1: Ball 1-1: Foul Ball, location: 2F 1-2: Strikes out looking
|
Batting: SHB Richard Griffin
|
0-0: Fly out, F7 (Flyball, 78M)
|
Top of the 7th over - 1 run(s), 1 hit(s), 0 error(s), 3 left on base; North Carolina 9 - Texas Christian 5 |
BOTTOM OF THE 7TH |
Texas Christian Horned Frogs batting - Pitching for North Carolina Tar Heels : RHP Bob Howard
|
Now at 2B: Fred Hubbard
|
|
Batting: LHB José Garza
|
0-0: Called Strike 0-1: Ball 1-1: Ball 2-1: SINGLE (Line Drive, 56D)
|
Batting: RHB Anthony Walsh
|
0-0: Ball 1-0: Ball 2-0: Ball 3-0: Called Strike 3-1: Foul Ball, location: 2F 3-2: Foul Ball, location: 2F 3-2: Foul Ball, location: 2F 3-2: SINGLE (Flyball, 78S) José Garza to second José Garza to third
|
Batting: LHB Miguel Martínez
|
0-0: Foul Ball, location: 2F 0-1: Ball 1-1: Fly out, F5 (Line Drive, 5L)
|
Batting: SHB Matt Pierce
|
0-0: Called Strike 0-1: Called Strike 0-2: Ball 1-2: Foul Ball, location: 2F 1-2: Ball 2-2: Foul Ball, location: 2F 2-2: Strikes out swinging
|
Batting: LHB Brenton Carter
|
0-0: Ball 1-0: Ground out U3 (Groundball, 3S)
|
Bottom of the 7th over - 0 run(s), 2 hit(s), 0 error(s), 2 left on base; North Carolina 9 - Texas Christian 5 |
TOP OF THE 8TH |
North Carolina Tar Heels batting - Pitching for Texas Christian Horned Frogs : LHP Jason Reece
|
Batting: LHB Vaughn Carter
|
0-0: Ball 1-0: Ball 2-0: Ground out U3 (Groundball, 3L)
|
Batting: RHB Mike Shelton
|
0-0: Called Strike 0-1: Foul Ball, location: 2F 0-2: Ball 1-2: Ball 2-2: Foul Ball, location: 2F 2-2: Ball 3-2: Strikes out looking
|
Batting: LHB José Morales
|
0-0: Foul Ball, location: 2F 0-1: Fly out, F4 (Popup, 4D)
|
Top of the 8th over - 0 run(s), 0 hit(s), 0 error(s), 0 left on base; North Carolina 9 - Texas Christian 5 |
BOTTOM OF THE 8TH |
Texas Christian Horned Frogs batting - Pitching for North Carolina Tar Heels : RHP Bob Howard
|
Pitching: RHP Robert Vincent
|
|
Batting: LHB Garrett Cabrera
|
0-0: Called Strike 0-1: Swinging Strike 0-2: Ball 1-2: Strikes out swinging
|
Batting: LHB Brandon Bingham
|
0-0: Ball 1-0: Foul Ball, location: 2F 1-1: Ball 2-1: Foul Ball, location: 2F 2-2: Fly out, F8 (Flyball, 8RM)
|
Batting: RHB Jorge Romero
|
0-0: Ball 1-0: Ball 2-0: Foul Ball, location: 2F 2-1: Foul Ball, location: 2F 2-2: Ball 3-2: Ground out 6-3 (Groundball, 6)
|
Bottom of the 8th over - 0 run(s), 0 hit(s), 0 error(s), 0 left on base; North Carolina 9 - Texas Christian 5 |
TOP OF THE 9TH |
North Carolina Tar Heels batting - Pitching for Texas Christian Horned Frogs : LHP Jason Reece
|
Batting: LHB Matt McCray
|
0-0: Called Strike 0-1: Ball 1-1: Ground out 4-3 (Groundball, 34)
|
Pitching: LHP Ralph Slater
|
|
Batting: RHB Derek Scott
|
0-0: Ground out 6-3 (Groundball, 6)
|
Batting: RHB Frederick Curtis
|
0-0: Called Strike 0-1: Called Strike 0-2: Strikes out swinging
|
Top of the 9th over - 0 run(s), 0 hit(s), 0 error(s), 0 left on base; North Carolina 9 - Texas Christian 5 |
BOTTOM OF THE 9TH |
Texas Christian Horned Frogs batting - Pitching for North Carolina Tar Heels : RHP Robert Vincent
|
Batting: LHB Dave Green
|
0-0: Foul Ball, location: 2F 0-1: Ball 1-1: Ball 2-1: Ground out 4-3 (Groundball, 4)
|
Batting: LHB José Garza
|
0-0: Fly out, F8 (Flyball, 78M)
|
Batting: RHB Anthony Walsh
|
0-0: Ball 1-0: Fly out, F9 (Line Drive, 89D)
|
Bottom of the 9th over - 0 run(s), 0 hit(s), 0 error(s), 0 left on base; North Carolina 9 - Texas Christian 5 |
|